 Dungeon Crawl Stone Soup version 0.28-a0-811-g00180f5fcc (webtiles) character file.

Game seed: 2911958123725781508

2513 Decritt the Zephyrmancer (level 9, -3/54 HPs)
             Began as a Tengu Air Elementalist on Nov 8, 2021.
             Was an Initiate of Vehumet.
             Killed from afar by Decritt's ghost (6 damage)
             ... with a blast of sand
             ... in the Ecumenical Temple.
             The game lasted 00:43:03 (13250 turns).

Decritt the Zephyrmancer (Tengu Air Elementalist)  Turns: 13250, Time: 00:43:04

Health: -3/54      AC:  5    Str:  9    XL:     9   Next: 53%
Magic:  1/17       EV: 17    Int: 18    God:    Vehumet [......]
Gold:   89         SH:  0    Dex: 15    Spells: 9/17 levels left

rFire   + . .      SeeInvis +   p - staff of cold
rCold   + + .      Faith    .   (no shield)
rNeg    . . .      Spirit   .   u - +0 troll leather armour {Pargi}
rPois   .          Reflect  .   q - +0 hat {Will+}
rElec   .          Harm     .   g - scarf {rC+ rF+}
rCorr   .          Rampage  .   m - +0 pair of gloves
Will    ++...                   (boots unavailable)
Stlth   ++........              (no amulet)
HPRegen 1.18/turn               c - ring of willpower
MPRegen 0.15/turn               h - ring of see invisible

@: brilliant, flying quickly and evasively, quick
A: beak, talons 3, nimble flight
a: Renounce Religion


You were in the Ecumenical Temple.
You worshipped Vehumet.
Vehumet was noncommittal.
You visited 2 branches of the dungeon, and saw 8 of its levels.
You also visited: Sewer.

You collected 225 gold pieces.
You spent 136 gold pieces at shops.

Inventory:

Missiles
 n - 2 atropa-tipped darts
 t - 14 poisoned darts
Armour
 b - a +0 kite shield
 g - a scarf of resistance (worn)
 m - a +0 pair of gloves (worn)
 q - a +0 hat of willpower (worn)
 u - a +0 troll leather armour (worn) {Pargi}
 x - +0 acid dragon scales
Magical Staves
 e - a staff of fire
 p - a staff of cold (weapon)
Jewellery
 c - a ring of willpower (left hand)
 h - a ring of see invisible (right hand)
Wands
 f - a wand of iceblast (13)
 w - a wand of digging (10)
Scrolls
 a - a scroll of magic mapping
 o - a scroll of fear
Potions
 d - a potion of resistance {unknown}
 j - 2 potions of curing
 k - 2 potions of might {unknown}
 l - 3 potions of flight {unknown}
 s - a potion of haste {unknown}
 v - a potion of cancellation {unknown}


   Skills:
 + Level 5.6 Fighting
 + Level 3.9 Armour
 + Level 6.7 Dodging
 - Level 2.0 Stealth
 + Level 4.8 Spellcasting
 - Level 3.2 Conjurations
 + Level 9.8 Air Magic


You had 9 spell levels left.
You knew the following spells:

 Your Spells              Type           Power      Damage    Failure   Level
a - Shock                 Conj/Air       100%       1d9       1%          1
b - Swiftness             Air            56%        N/A       1%          3
c - Airstrike             Air            28%        N/A       3%          4

Your spell library contained the following spells:

 Spells                   Type           Power      Damage    Failure   Level
 Static Discharge         Conj/Air       41%        N/A       1%          2
 Blink                    Tloc           12%        N/A       28%         2
 Lesser Beckoning         Tloc           6%         N/A       50%         3
 Manifold Assault         Tloc           6%         N/A       99%         5


Dungeon Overview and Level Annotations

Branches:
Dungeon (7/15)             Temple (1/1) D:7           Sewer (visited)

Altars:
Ashenzari
Elyvilon
Fedhas
Gozag
Hepliaklqana
Kikubaaqudgha
Makhleb
Nemelex Xobeh
Okawaru
Qazlal
Ru
Trog
Uskayaw
Vehumet
Wu Jian
Xom
Yredelemnul
Zin
The Shining One

Shops:
D:5 *   D:6 *

Annotations:
D:7 Menkaure
Temple Decritt's ghost, novice GrEE


Innate Abilities, Weirdness & Mutations

You have a beak for a mouth.
You have claws for feet.
Your magical nature lets you fly swiftly and evasively.


Message History

Decritt's ghost is severely damaged.
Decritt's ghost hits you.
Casting: Airstrike (dangerous; 3% risk of failure)
Confirm with . or Enter, or press ? or * to list all spells.
You don't have enough magic to cast this spell.
You closely miss Decritt's ghost.
Decritt's ghost is severely damaged.
Decritt's ghost casts a spell at you. The blast of sand misses you.
You hit Decritt's ghost but do no damage.
You claw Decritt's ghost.
Decritt's ghost is severely damaged.
Decritt's ghost hits you.
Decritt's ghost points at you and mumbles some strange words.
The blast of sand hits you!
* * * LOW HITPOINT WARNING * * *
Casting: Airstrike (dangerous; 3% risk of failure)
Confirm with . or Enter, or press ? or * to list all spells.
You don't have enough magic to cast this spell.
You hit Decritt's ghost but do no damage.
Decritt's ghost is severely damaged.
Decritt's ghost hits you.
* * * LOW HITPOINT WARNING * * *
You feel better.
Decritt's ghost gestures at you while chanting.
The blast of sand hits you!
* * * LOW HITPOINT WARNING * * *
You feel clever all of a sudden. Decritt's ghost hits you!
* * * LOW HITPOINT WARNING * * *
Casting: Airstrike (dangerous; 3% risk of failure)
Confirm with . or Enter, or press ? or * to list all spells.
Aiming: Airstrike (dangerous; 3% risk of failure)
Press: ? - help, Dir - move target, f/p - Decritt's ghost
Aim: Decritt's ghost (severely damaged, empty space bonus: 7/8)
You feel a surge of power!
The air twists around and strikes Decritt's ghost but does no damage.
Decritt's ghost points at you and mumbles some strange words.
The blast of sand hits you.
You die...

##.._..## ##......_# ##########
##.._...### ####### #._...._.#
#.....#########.._... ##..._..##
#....#####.........._
##......###....#...............
##......###........######._...
###......###.........######.#
######......@W<........######
##.######.........###......###
##..._.######........###......#
##................#....###......
##.._..........#####....#
##.._..
#......_..#########.....#
#._.... ########### ###..._..##
####### #_......## ##.._..##


You could see Decritt's ghost.

Vanquished Creatures
  4 yaks
  An acid dragon (D:6)
  Pargi (Sewer)
  A centaur (D:5)
  3 ogres
  3 phantoms
  A kobold brigand (D:7)
  Blork the orc (D:6)
  2 gnoll sergeants (D:6)
  3 scorpions
  2 wyvern skeletons
  A water moccasin skeleton (D:4)
  2 wights
  3 jellies
  A wyvern simulacrum (D:7)
  A hound (D:5)
  2 bullfrog skeletons
  A centaur skeleton (D:7)
  2 iguanas (D:5)
  3 orc wizards (D:4)
  Robin (D:2)
  An adder (D:4)
  3 white imps
  2 worms
  6 dart slugs
  5 orcs
  7 bats
  7 endoplasms
  3 giant cockroaches
  18 goblins
  14 hobgoblins
  12 jackals
  3 quokkas
  7 ball pythons
  2 frilled lizards (D:1)
  11 kobolds
  13 rats
153 creatures vanquished.

Notes
Turn   | Place    | Note
-------+----------+-------------------------------------------
     0 | D:1      | Decritt the Tengu Air Elementalist began the quest for the
                  | Orb.
     0 | D:1      | Reached XP level 1. HP: 10/10 MP: 4/4
   962 | D:1      | Reached XP level 2. HP: 15/15 MP: 1/6
  1376 | D:1      | Reached skill level 5 in Air Magic
  1376 | D:1      | Reached XP level 3. HP: 19/19 MP: 0/7
  3263 | D:2      | Reached XP level 4. HP: 24/24 MP: 5/8
  3265 | D:2      | Noticed Robin
  3527 | D:2      | Reached skill level 1 in Fighting
  3656 | D:2      | Killed Robin
  4079 | D:2      | Found a faded altar of an unknown god.
  4902 | D:3      | Found an iron altar of Okawaru.
  4951 | D:3      | Reached skill level 6 in Air Magic
  5825 | D:3      | Gained mutation: Your magical nature lets you fly swiftly
                  | and evasively. [Tengu growth]
  5825 | D:3      | Reached XP level 5. HP: 10/29 MP: 6/9
  6575 | D:4      | Noticed a phantom
  6636 | D:4      | Killed a phantom
  6637 | D:4      | Reached XP level 6. HP: 31/37 MP: 0/11
  7289 | D:4      | Reached XP level 7. HP: 33/43 MP: 3/12
  7619 | D:5      | Entered Level 5 of the Dungeon
  7874 | D:5      | Noticed a yak
  7877 | D:5      | Noticed a yak
  7878 | D:5      | Noticed a yak
  7884 | D:5      | Noticed a yak
  8064 | D:5      | Reached skill level 7 in Air Magic
  8168 | D:5      | Learned a level 3 spell: Swiftness
  8234 | D:4      | Killed a yak
  8235 | D:4      | Reached skill level 5 in Fighting
  8453 | D:4      | Killed a yak
  8454 | D:4      | Reached XP level 8. HP: 20/49 MP: 7/14
  8742 | D:3      | Killed a yak
  8880 | D:3      | Killed a yak
  8881 | D:3      | Reached skill level 5 in Dodging
  8881 | D:3      | Reached skill level 8 in Air Magic
  9122 | D:5      | Learned a level 4 spell: Airstrike
  9657 | D:5      | Reached skill level 1 in Armour
 10227 | D:5      | Found Darch's Elemental Accessories.
 10632 | D:6      | Found Wucw's Assorted Antiques.
 10641 | D:6      | Bought a scroll of identify for 48 gold pieces
 10641 | D:6      | Bought 2 fuming blue potions for 43 gold pieces
 10659 | D:6      | Bought a scroll labelled MIUZ ERACUXEZ for 24 gold pieces
 10659 | D:6      | Bought a smoky red potion for 21 gold pieces
 10696 | D:6      | Reached XP level 9. HP: 54/54 MP: 9/16
 10789 | D:6      | Found a glowing drain.
 10795 | D:6      | Reached skill level 9 in Air Magic
 10828 | Sewer    | Entered a sewer
 10902 | Sewer    | Noticed Pargi
 10907 | Sewer    | Killed Pargi
 11295 | D:6      | Identified a scroll of acquirement
 11295 | D:6      | Acquired a +0 hat of willpower
 11641 | D:6      | Noticed Blork the orc
 11659 | D:6      | Killed Blork the orc
 12615 | D:7      | Found a runed translucent gate.
 12615 | D:7      | Found a runed translucent gate.
 12615 | D:7      | Found a runed translucent gate.
 12640 | D:7      | Noticed Decritt's ghost (novice GrEE)
 12806 | D:7      | Found a staircase to the Ecumenical Temple.
 12817 | Temple   | Entered the Ecumenical Temple
 12938 | Temple   | Became a worshipper of Vehumet
 13128 | D:7      | Noticed Menkaure
 13249 | Temple   | HP: 2/54 [Decritt's ghost (17)]
 13250 | Temple   | Killed from afar by Decritt's ghost

Illustrated notes

Levels and vault maps discovered:
D:1:      psy_arrival_radial01, layout_loops_ring, hangedman_feature_mirror
D:2:      layout_basic, shapermc_ecumenical_altar_pompeii, uniq_robin
D:3:      layout_basic, mainiacjoe_overflow_brackets
D:4:      layout_cave_pools
D:5:      layout_basic, st_stairs_14, hangedman_abyss_or_decor_stabs,
          nicolae_elemental_shop
D:6:      layout_loops_ring, portal_sewer_entry_a, serial_shops,
          nicolae_shop_crystal, sword_in_stone
D:7:      layout_gridville, minmay_temple_entry_stoned_glass,
          gammafunk_ghost_icy, serial_park_tiny_pond, uniq_harold, uniq_menkaure
Temple:   hc_temple_tempest_star

Skill      XL: |  1  2  3  4  5  6  7  8  9 |
---------------+----------------------------+-----
Conjurations   | 2 3 |  3.2
Air Magic      | 5 6 7 8 9 |  9.8
Fighting       | 1 3 4 5 |  5.6
Spellcasting   | 3 4 |  4.8
Dodging        | 4 6 |  6.7
Armour         | 3 |  3.9
Stealth        | |  2.0

Action                   |  1- 3 |  4- 6 |  7- 9 || total
-------------------------+-------+-------+-------++-------
Melee: Mace              |     3 |     7 |       ||    10
       Short sword       |     3 |       |       ||     3
       Peck              |     1 |    12 |     4 ||    17
       Staff             |       |    49 |    40 ||    89
       Kick              |       |     9 |    15 ||    24
Throw: Dart              |       |     5 |       ||     5
 Cast: Shock             |    98 |   157 |   221 ||   476
       Airstrike         |       |       |    35 ||    35
  Use: Scroll            |       |     6 |     9 ||    15
       Potion            |       |       |     2 ||     2
Armor: Robe              |     2 |    25 |    10 ||    37
       Troll leather arm |       |       |     5 ||     5
Dodge: Dodged            |     9 |    74 |   117 ||   200

Table legend: (Time is in decaauts)
 A = Elapsed time spent in this place.
 B = Non-inter-level travel time spent in this place.
 C = Inter-level travel time spent in this place.
 D = Time resting spent in this place.
 E = Time spent auto-exploring this place.
 F = Levels seen in this place.
 G = Mean time per level.
                   A        B        C        D        E       F      G
               +--------+--------+--------+--------+--------+-----+--------+
         Total |  13028 |  12815 |    213 |   7345 |   3174 |   9 | 1447.6 |
       Dungeon |  12532 |  12330 |    202 |   7152 |   3023 |   7 | 1790.3 |
        Temple |    271 |    261 |     10 |     97 |    121 |   1 |  271.0 |
         Sewer |    224 |    224 |      0 |     96 |     29 |   1 |  224.0 |
               +--------+--------+--------+--------+--------+-----+--------+

Top non-repeatable levels by time:
     D:1: 2738 daAuts
     D:4: 2655 daAuts
     D:2: 1884 daAuts
     D:5: 1863 daAuts
     D:3: 1539 daAuts
     D:6: 1388 daAuts
     D:7: 463 daAuts
  Temple: 271 daAuts
   Sewer: 224 daAuts
